 Dungeon Crawl Stone Soup version 0.21.1-1-g345015fe64 (webtiles) character file.

531 PikkenKukken the Grave Robber (level 7, -9/48 (49) HPs)
             Began as a Demonspawn Necromancer on June 22, 2018.
             Mangled by a hornet (15 damage)
             ... while paralysed by a hornet
             ... on level 5 of the Dungeon.
             The game lasted 00:17:25 (5454 turns).

PikkenKukken the Grave Robber (DsNe)                Turns: 5454, Time: 00:17:25

HP:   -9/48 (49)    AC:  2    Str:  6    XL:     7   Next: 3%
MP:   8/13          EV:  2    Int: 18    God:
Gold: 216           SH:  0    Dex: 14    Spells: 3/14 levels left

rFire    . . .     SeeInvis +   b - +3 hunting sling (flame)
rCold    . . .     Gourm    .   (no shield)
rNeg     . . .     Faith    .   d - +0 robe
rPois    .         Spirit   .   (no helmet)
rElec    .         Reflect  .   (no cloak)
rCorr    .         Harm     .   (no gloves)
MR       .....                  (no boots)
Stlth    ++........             (no amulet)
HPRegen  0.16/turn              m - ring of wizardry
MPRegen  0.13/turn              (no ring)

@: paralysed, lethally poisoned (-9 -> -14), slowed
A: see invisible, spiny 1, weak 1
a: no special abilities


You were on level 5 of the Dungeon.
You were not hungry.

You visited 1 branch of the dungeon, and saw 5 of its levels.

You collected 216 gold pieces.

Inventory:

Hand Weapons
 a - a +1 short sword
 b - a +3 hunting sling of flaming (weapon)
 e - a -2 dagger
Missiles
 i - 9 sling bullets (quivered)
Armour
 d - a +0 robe (worn)
Jewellery
 l - an uncursed amulet of the gourmand {unknown}
 m - a ring of wizardry (left hand)
Scrolls
 f - 6 scrolls of identify
 g - a scroll of enchant weapon
 k - 2 scrolls of remove curse
 o - a scroll of immolation {unknown}
Potions
 c - a potion of cancellation {unknown}
 n - a potion of degeneration {unknown}
 r - 2 potions of heal wounds {unknown}
Books
 h - a book of Necromancy

   Spells                             Type                      Level
   a - Pain                           Necromancy                   1
   b - Animate Skeleton               Necromancy                   1
   c - Vampiric Draining              Necromancy                   3
   d - Regeneration                   Charms/Necromancy            3
   e - Animate Dead                   Necromancy                   4
   f - Borgnjor's Vile Clutch         Necromancy/Earth             5
 p - a book of Conjurations

   Spells                             Type                      Level
   a - Magic Dart                     Conjuration                  1
   b - Searing Ray                    Conjuration                  2
   c - Dazzling Spray                 Conjuration/Hexes            3
   d - Fulminant Prism                Conjuration/Hexes            4
   e - Force Lance                    Conjuration/Translocation    4
   f - Iskenderun's Mystic Blast      Conjuration                  4
Comestibles
 j - 3 rations
 q - 3 chunks of flesh


   Skills:
 + Level 1.7 Fighting
 + Level 0.1 Short Blades
 + Level 3.3 Slings
 + Level 2.2 Dodging
 - Level 2.0 Stealth
 + Level 4.1 Spellcasting
 + Level 5.8 Necromancy
 * Level 1.2 Earth Magic


You had 3 spell levels left.
You knew the following spells:

 Your Spells              Type           Power        Failure   Level  Hunger
a - Pain                  Necr           ###.         1%          1    None
b - Animate Skeleton      Necr           N/A          1%          1    None
c - Animate Dead          Necr           N/A          5%          4    ####...
d - Borgnjor's Vile Clut  Necr/Erth      ###.......   34%         5    ######.


Dungeon Overview and Level Annotations

Branches:
Dungeon (5/15)
 Temple: D:4-7

Altars:
Nemelex Xobeh
Ru
Trog
Uskayaw
Yredelemnul


Innate Abilities, Weirdness & Mutations

You are partially covered in sharp spines.
You have supernaturally acute eyesight. (SInv)
You are weak. (Str -2)


Message History

Aim: a hornet (heavily wounded, chance to defeat MR: 77%)
The hornet writhes in agony!
You feel yourself speed up. The hornet closely misses you. x2
Casting: Pain
Confirm with . or Enter, or press ? or * to list all spells.
Aiming: Pain
Press: ? - help, Shift-Dir - straight line, f/p - hornet
Aim: a hornet (severely wounded, chance to defeat MR: 77%)
The hornet writhes in agony!
The hornet stings you!
You suddenly lose the ability to move!
The hornet stings you.
You are poisoned.
You feel yourself slow down.
You feel yourself speed up.
You feel sick. The hornet stings you.
You feel yourself slow down.
You feel sick. The hornet stings you!
* * * LOW HITPOINT WARNING * * *
You feel as though you will be slow longer.
The hornet stings you!
You die...

#....# #.....#
#.##.###.#####
#.##.....#
#.####.###
#.####.#
#...##.#
###.##.#
#.##.# #@##.#
#y##.# #.# #.#
#.# #(( ###


You could see a hornet.

Vanquished Creatures
  An ogre (D:4)
  A howler monkey (D:5)
  A centaur zombie (D:5)
  2 jellies (D:5)
  A hound (D:5)
  An iguana (D:5)
  4 worker ants
  4 gnolls (D:2)
  5 adders
  An ooze (D:4)
  A worm (D:3)
  A dart slug (D:1)
  4 leopard geckos
  8 orcs
  5 bats
  8 giant cockroaches
  6 goblins
  6 hobgoblins
  3 jackals (D:4)
  A quokka (D:3)
  5 frilled lizards
  9 kobolds
  A quokka skeleton (D:4)
  6 rats
85 creatures vanquished.

Vanquished Creatures (collateral kills)
  A bullfrog zombie (D:5)
  2 leopard geckos
  An orc (D:3)
  2 giant cockroaches
  2 goblins
  A hobgoblin (D:1)
  2 rats
11 creatures vanquished.

Grand Total: 96 creatures vanquished

Notes
Turn   | Place    | Note
-------+----------+-------------------------------------------
     0 | D:1      | PikkenKukken the Demonspawn Necromancer began the quest for the Orb.
     0 | D:1      | Reached XP level 1. HP: 13/13 MP: 3/3
   424 | D:1      | Gained mutation: You are partially covered in sharp spines. [demonic ancestry]
   424 | D:1      | Reached XP level 2. HP: 7/20 MP: 1/5
   792 | D:1      | Learned a level 1 spell: Animate Skeleton
  1481 | D:1      | Reached skill level 5 in Necromancy
  1481 | D:1      | Reached XP level 3. HP: 25/25 MP: 6/6
  2269 | D:2      | Reached XP level 4. HP: 25/31 MP: 5/8
  2476 | D:2      | Found a sparkling altar of Nemelex Xobeh.
  2724 | D:3      | Learned a level 4 spell: Animate Dead
  2868 | D:3      | Gained mutation: You are weak. (Str -2) [potion of mutation]
  2868 | D:3      | Gained mutation: You have supernaturally acute eyesight. (SInv) [potion of mutation]
  3459 | D:3      | Reached skill level 1 in Slings
  3559 | D:3      | Reached XP level 5. HP: 36/36 MP: 10/10
  4079 | D:4      | Noticed an ogre
  4093 | D:4      | Killed an ogre
  4093 | D:4      | Reached skill level 1 in Fighting
  4383 | D:4      | Found a hide-covered altar of Uskayaw.
  4493 | D:4      | Found a glowing drain.
  4591 | D:4      | Reached XP level 6. HP: 42/42 MP: 11/11
  4598 | D:4      | Learned a level 5 spell: Borgnjor's Vile Clutch
  4713 | D:4      | Found a basalt altar of Yredelemnul.
  4820 | D:4      | Found a bloodstained altar of Trog.
  4860 | D:4      | Found a sacrificial altar of Ru.
  4896 | D:5      | Entered Level 5 of the Dungeon
  5116 | D:5      | Reached skill level 1 in Earth Magic
  5355 | D:5      | Reached XP level 7. HP: 46/48 MP: 9/13
  5446 | D:5      | Noticed a hornet
  5452 | D:5      | Paralysed by a hornet for 3 turns
  5454 | D:5      | Mangled by a hornet

Skill      XL: |  1  2  3  4  5  6 |
---------------+-------------------+-----
Stealth        | 2 |  2.0
Necromancy     | 5 |  5.8
Dodging        | 2 |  2.2
Spellcasting   | 3 4 |  4.1
Slings         | 1 2 3 |  3.3
Fighting       | 1 |  1.7
Earth Magic    | 1 |  1.2
Short Blades   | |  0.1

Action                   |  1- 3 |  4- 6 |  7- 9 || total
-------------------------+-------+-------+-------++-------
Melee: Short sword       |    20 |    11 |       ||    31
       Unarmed           |     6 |       |       ||     6
       Dagger            |    15 |       |       ||    15
 Fire: Hunting sling     |     5 |    85 |     2 ||    92
 Cast: Pain              |    36 |    23 |     6 ||    65
       Animate Skeleton  |     7 |     3 |       ||    10
       Animate Dead      |       |     8 |       ||     8
  Use: Scroll            |     3 |       |       ||     3
       Potion            |       |     2 |       ||     2
 Stab: Sleeping          |     2 |     1 |       ||     3
  Eat: Chunk             |     4 |     4 |     1 ||     9
       Ration            |     1 |     1 |       ||     2
Armor: Robe              |     7 |     5 |       ||    12
Dodge: Dodged            |    47 |    25 |     5 ||    77
